 Dungeon Crawl Stone Soup version 0.19-a0-934-gf1df8d1 (webtiles) character file.

67 Jaxo the Gusty (level 4, -1/24 HPs)
             Began as a Tengu Air Elementalist on July 7, 2016.
             Killed by nerve-wracking pain
             ... invoked by Grinder
              (8 damage)
             ... on level 3 of the Dungeon.
             The game lasted 00:09:21 (1999 turns).

Jaxo the Gusty (Tengu Air Elementalist)             Turns: 1999, Time: 00:09:22

Health: -1/24      AC:  2    Str:  8    XL:     4   Next: 16%
Magic:  1/8        EV: 13    Int: 16    God:
Gold:   109        SH:  0    Dex: 15    Spells: 2 memorised, 3 levels left

rFire  . . .     SeeInvis .     (no weapon)
rCold  . . .     Gourm    .     a - +0 robe
rNeg   . . .     Faith    .     (no shield)
rPois  .         Spirit   .     (helmet restricted)
rElec  .         Dismiss  .     (no cloak)
rCorr  .         Reflect  .     (no gloves)
SustAt .         Harm     .     (boots unavailable)
MR     .....                    (no amulet)
Stlth  ++........               (no ring)
                                (no ring)

@: not resistant to hostile enchantments, unstealthy
A: beak, talons 3
a: no special abilities


You were on level 3 of the Dungeon.
You were not hungry.

You visited 1 branch of the dungeon, and saw 3 of its levels.

You collected 109 gold pieces.

Inventory:

Armour
 a - a +0 robe (worn)
Scrolls
 d - a scroll of fog {unknown}
 e - a scroll of enchant weapon {unknown}
 g - a scroll of immolation {unknown}
 h - a scroll of amnesia {unknown}
Potions
 f - a potion of beneficial mutation {unknown}
Books
 b - a book of Air

   Spells                             Type                      Level
   a - Shock                          Conjuration/Air              1
   b - Swiftness                      Charms/Air                   2
   c - Repel Missiles                 Charms/Air                   2
   d - Static Discharge               Conjuration/Air              3
   e - Lightning Bolt                 Conjuration/Air              5
Comestibles
 c - a bread ration


   Skills:
 + Level 3.2 Dodging
 + Level 2.3 Stealth
 + Level 0.2 Unarmed Combat
 + Level 2.2 Spellcasting
 + Level 2.2 Conjurations
 + Level 4.9 Air Magic


You had 3 spell levels left.
You knew the following spells:

 Your Spells              Type           Power        Failure   Level  Hunger
a - Shock                 Conj/Air       ##..         6%          1    #......
b - Static Discharge      Conj/Air       ##......     14%         3    ###....


Dungeon Overview and Level Annotations

Branches:
Dungeon (3/15)

Altars:

Annotations:
D:3 Grinder


Innate Abilities, Weirdness & Mutations

You have a beak for a mouth.
You have claws for feet.


Message History

Grinder gestures at you.
You barely resist.
Casting: Shock
Confirm with . or Enter, or press ? or * to list all spells.
You don't have enough magic to cast that spell.
Casting: Shock
Confirm with . or Enter, or press ? or * to list all spells.
You don't have enough magic to cast that spell.
You hit Grinder but do no damage. Your kick misses Grinder.
Grinder is severely wounded.
Grinder hits you.
You writhe in agony.
* * * LOW HITPOINT WARNING * * *
You hit Grinder but do no damage.
Grinder is severely wounded.
Grinder barely misses you.
You hit Grinder but do no damage.
Grinder is severely wounded.
Grinder gestures at you. Pain shoots through your body!
You die...

#.#.# ##..... #...
....... ######.#####
.......
#..........####......#
#.......##.#.........#
#..<.................#
#..........#.........#
#.......#..5###......#
#.......#.@.# .....†#
###.....#...# ......#
#######...# ......#
##### ......# ......#


You could see Grinder.

Vanquished Creatures
  2 adders (D:2)
  An ooze (D:2)
  A dart slug (D:1)
  A giant gecko (D:2)
  4 giant cockroaches
  3 hobgoblins
  3 jackals (D:1)
  5 kobolds
  A quokka (D:2)
  5 bats
  5 giant newts
  4 goblins
  7 rats
42 creatures vanquished.

Notes
Turn   | Place    | Note
-------+----------+-------------------------------------------
     0 | D:1      | Jaxo the Tengu Air Elementalist began the quest for the Orb.
     0 | D:1      | Reached XP level 1. HP: 10/10 MP: 4/4
   150 | D:1      | Reached XP level 2. HP: 12/15 MP: 0/6
   542 | D:1      | Reached XP level 3. HP: 19/19 MP: 4/7
  1340 | D:2      | Reached XP level 4. HP: 7/24 MP: 0/8
  1817 | D:3      | Noticed Grinder
  1978 | D:2      | Learned a level 3 spell: Static Discharge
  1994 | D:3      | Paralysed by Grinder for 2 turns
  1999 | D:3      | Killed from afar by Grinder

Vault maps used:
D:1:      elethiomel_arrival_maze, serial_curves, eino_curves_01, eino_curves_01
D:2:      first_bread
D:3:      nrook_loot_triangle, st_stairs_12, uniq_grinder, uniq_iyjb

Skill      XL: |  1  2  3 |
---------------+----------+-----
Conjurations   | 2 |  2.2
Dodging        | 3 |  3.2
Stealth        | |  2.3
Unarmed Combat | |  0.2
Spellcasting   | |  2.2
Air Magic      | |  4.9

Action                   |  1- 3 |  4- 6 || total
-------------------------+-------+-------++-------
Melee: Unarmed           |    28 |     3 ||    31
       Kick              |     7 |       ||     7
       Peck              |     3 |       ||     3
 Cast: Shock             |    64 |    16 ||    80
       Static Discharge  |       |     2 ||     2
  Use: Potion            |     2 |       ||     2
  Eat: Beef jerky        |     1 |       ||     1
       Bread ration      |       |     1 ||     1
Armor: Robe              |     8 |       ||     8
Dodge: Dodged            |    33 |     3 ||    36
